 Dungeon Crawl Stone Soup version 0.28-a0-8-g6e044cfa68 (webtiles) character file.

Game seed: 17932507811682609711

9375 Brandom the Fighter (level 11, 0/112 HPs)
             Began as a White Draconian Abyssal Knight on July 23, 2021.
             Was an Elder of Lugonu.
             Slain by Harold (16 damage)
             ... on level 1 of the Lair of Beasts.
             The game lasted 00:56:09 (15531 turns).

Brandom the Fighter (DrAK)                         Turns: 15531, Time: 00:56:09

Health: 0/112      AC:  9    Str: 16    XL:     11   Next: 22%
Magic:  17/17      EV:  7    Int: 15    God:    Lugonu [****..]
Gold:   81         SH:  0    Dex: 12    Spells: 11/14 levels left

rFire   + . .      SeeInvis .   E - +3 scimitar
rCold   + . .      Faith    .   (no shield)
rNeg    . . .      Spirit   .   (armour unavailable)
rPois   +          Reflect  .   (helmet restricted)
rElec   .          Harm     .   (no cloak)
rCorr   .          Rampage  .   n - +0 pair of gloves
Will    .....                   K - +0 pair of boots
Stlth   +++.......              m - amulet of the acrobat
HPRegen 0.28/turn               g - ring of flight
MPRegen 0.15/turn               s - ring of protection from fire

@: lethally poisoned (0 -> -8), marked, flying, held
A: breathe frost, AC +7, unfitting armour, cold resistance 1, cold-blooded, thin
skeletal structure 1, camouflage 1, poison resistance, robust 1
a: Breathe Frost, Renounce Religion, Depart the Abyss, Bend Space, Banish,
Corrupt


You were on level 1 of the Lair of Beasts.
You worshipped Lugonu.
Lugonu was greatly pleased with you.
You visited 2 branches of the dungeon, and saw 12 of its levels.
You visited the Abyss 1 time.

You collected 521 gold pieces.
You spent 440 gold pieces at shops.

Inventory:

Hand Weapons
 a - a +1 falchion
 o - a +0 trident
   (You found it on level 2 of the Dungeon)
 A - a +2 falchion
   (You took it off a wight on level 6 of the Dungeon)
 E - a +3 scimitar (weapon)
   (You took it off a wight on level 8 of the Dungeon)
Missiles
 i - a throwing net {!f}
 F - 6 curare-tipped darts (quivered) {!f}
Armour
 n - a +0 pair of gloves (worn)
   (You found it on level 2 of the Dungeon)
 p - a +0 pair of gloves
   (You found it on level 3 of the Dungeon)
 K - a +0 pair of boots (worn)
   (You found it on level 9 of the Dungeon)
Jewellery
 g - a ring of flight (left hand)
   (You found it on level 3 of the Dungeon)
 m - an amulet of the acrobat (around neck)
   (You found it on level 2 of the Dungeon)
 s - a ring of protection from fire (right hand)
   (You found it on level 4 of the Dungeon)
 w - a ring of protection from fire
   (You found it on level 4 of the Dungeon)
 I - a ring of wizardry
   (You found it on level 8 of the Dungeon)
 J - a ring of resist corrosion
   (You found it on level 8 of the Dungeon)
Wands
 d - a wand of iceblast (24)
   (You found it on level 8 of the Dungeon)
 t - a wand of flame (21)
   (You took it off Blork the orc on level 5 of the Dungeon)
 v - a wand of digging (6)
   (You found it on level 9 of the Dungeon)
 x - a wand of acid (3)
   (You found it on level 9 of the Dungeon)
Scrolls
 b - 3 scrolls of fog
 f - 4 scrolls of fear {unknown}
 h - 3 scrolls of amnesia
 j - 5 scrolls of teleportation {@r4}
 k - 2 scrolls of vulnerability {!r}
 q - 5 scrolls of noise {unknown}
 u - 2 scrolls of enchant armour
 y - 3 scrolls of immolation {!r}
 B - a scroll of summoning
 D - 2 scrolls of magic mapping
 N - 2 scrolls of blinking
Potions
 c - a potion of lignification {!q}
 e - 2 potions of degeneration {!q}
 l - 3 potions of invisibility
 r - 2 potions of attraction {!q}
 z - a potion of haste {@q3}
 C - 4 potions of mutation {!q}
 G - 3 potions of flight
 L - 3 potions of curing {@q1}


   Skills:
 + Level 11.1 Fighting
 + Level 7.9 Long Blades
 + Level 1.9 Throwing
 + Level 7.3 Dodging
 - Level 2.0 Spellcasting
 + Level 6.4 Ice Magic
 + Level 8.6 Invocations


You had 11 spell levels left.
You knew the following spells:

 Your Spells              Type           Power      Damage    Failure   Level
a - Frozen Ramparts       Ice            40%        1d6       4%          3

Your spell library contained the following spells:

 Spells                   Type           Power      Damage    Failure   Level
 Ice Form                 Ice/Tmut       11%        N/A       52%         4
 Summon Ice Beast         Ice/Summ       11%        N/A       52%         4
 Gell's Gravitas          Tloc           0%         N/A       54%         3
 Teleport Other           Tloc           1%         N/A       54%         3
 Summon Forest            Summ/Tloc      0%         N/A       99%         5
 Dispersal                Tloc           0%         N/A       100%        6
 Eringya's Noxious Bog    Tmut/Pois      0%         N/A       100%        6
 Summon Hydra             Summ           0%         N/A       100%        7


Dungeon Overview and Level Annotations

Branches:
Dungeon (11/15)            Temple (0/1) D:4            Lair (1/6) D:8
    Orc: D:9-12

Altars:
Gozag
Hepliaklqana
Kikubaaqudgha
Ru
Sif Muna
Trog

Shops:
D:10 *(:?(

Annotations:
D:8 2 transporters, PeterLawrence's ghost, novice MiFi
Lair:1 Harold


Innate Abilities, Weirdness & Mutations

You can breathe waves of freezing cold which knock back foes.
Your icy white scales are hard. (AC +7)
You cannot fit into any form of body armour.
Your flesh is cold resistant. (rC+)
You are cold-blooded and may be slowed by cold attacks.
You have a somewhat thin skeletal structure. (Dex +2, Stealth+)
Your skin changes colour to match your surroundings (Stealth+).
Your system is resistant to poisons. (rPois)
You are robust. (+10% HP)


Message History

Harold throws a throwing net.
The throwing net completely misses you.
There is a staircase back to the Dungeon, spattered with blood here.
You see here a throwing net {!f}.
Unknown command.
Aim: Urug, wielding a +2 scimitar of protection, wearing a +0 scale mail, quivering silver javelins and carrying a wand of charming (7) (severely wounded, very poisoned, slow, 64% to hit)
The bolt of acid hits Harold!
Harold is splashed with acid.
The acid corrodes Harold!
The bolt of acid hits Urug!
Urug is splashed with acid.
The acid corrodes Urug!
You kill Urug!
Lugonu accepts your kill. Harold misses you.
Harold hits you with a +3 halberd of venom!! x2
* * * LOW HITPOINT WARNING * * *
Harold completely misses you.
There is a staircase back to the Dungeon, spattered with blood here.
You see here a throwing net {!f}.
Unknown command.
The water moccasin bites you but does no damage.
Harold throws a throwing net.
The throwing net hits you.
You become entangled in the net!
You stop ascending the stairs.
The water moccasin bites you.
* * * LOW HITPOINT WARNING * * *
You are poisoned.
The water moccasin poisons you!
Harold hits you from afar with a +3 halberd of venom!
* * * LOW HITPOINT WARNING * * *
Unknown command.
You tear a large gash into the net.
You feel very sick.
The water moccasin bites you but does no damage.
Harold hits you from afar with a +3 halberd of venom!
* * * LOW HITPOINT WARNING * * *
You are lethally poisoned!
Okay, then.
You feel better.
Harold hits you from afar with a +3 halberd of venom!
* * * LOW HITPOINT WARNING * * *
You are poisoned.
The water moccasin bites you but does no damage.
A komodo dragon comes into view.
Harold casts a spell at you. The mark upon you grows brighter.
Unknown command.
You struggle against the net.
You have got your breath back.
You feel very sick. The water moccasin barely misses you.
Harold says, "Let's make it quick, okay?
I've got mouths to feed."
Harold hits you from afar with a +3 halberd of venom!
You die...

................##..
..........(..$......
.........(l.........
....................
........(...........
........).......#...
........@.......#
................#
........@S......#
......######.###.#
...... ### ## ......
..... .... ....


You could see Harold (fast, corroded), a komodo dragon and a water moccasin.

Vanquished Creatures
  Urug (Lair:1)
  Nergalle (D:8)
  An elephant (D:8)
  A black mamba (D:8)
  2 trolls
  5 blink frogs
  A wyvern (D:8)
  9 yaks
  A basilisk (D:8)
  3 steam dragons
  4 vampire mosquitoes (D:10)
  3 water moccasins
  3 orc warriors
  2 ice beasts
  A sky beast (D:6)
  2 ogres
  A necrophage (D:6)
  4 centaurs
  A phantom (D:5)
  Blork the orc (D:5)
  3 bullfrogs
  3 gnoll sergeants
  A jelly (D:6)
  5 killer bees (D:10)
  13 wights
  2 howler monkeys (D:9)
  4 orc priests
  A gnoll shaman (D:5)
  2 iguanas (D:6)
  7 orc wizards
  A scorpion zombie (D:5)
  4 howler monkey zombies
  20 gnolls
  11 adders
  A white imp (D:5)
  2 worms
  A dart slug (D:4)
  25 orcs
  6 bats
  4 endoplasms
  9 hobgoblins
  10 jackals
  A quokka (D:3)
  5 ball pythons
  5 frilled lizards
  5 goblins
  6 kobolds
  6 rats (D:1)
210 creatures vanquished.

Vanquished Creatures (others)
  2 fungi
  2 plants (Lair:1)
4 creatures vanquished.

Grand Total: 214 creatures vanquished

Notes
Turn   | Place    | Note
-------+----------+-------------------------------------------
     0 | Abyss:1  | Brandom the Draconian Abyssal Knight began the quest for
                  | the Orb.
     0 | Abyss:1  | Reached XP level 1. HP: 19/19 MP: 2/2
     2 | Abyss:1  | Found a shadowy altar of Dithmenos.
    47 | Abyss:1  | Noticed a fire giant zombie
    74 | Abyss:1  | Noticed a bone dragon
    84 | Abyss:1  | Noticed a small abomination
    90 | Abyss:1  | Noticed a small abomination
    96 | D:1      | Escaped the Abyss
   212 | D:1      | Reached * piety under Lugonu
   293 | D:1      | Reached XP level 2. HP: 26/26 MP: 3/3
   409 | D:1      | Found a faded altar of an unknown god.
  1068 | D:2      | Reached XP level 3. HP: 28/33 MP: 4/4
  1218 | D:2      | Reached skill level 4 in Fighting
  1942 | D:3      | Gained mutation: You sometimes lose the ability to read
                  | scrolls when taking damage. [potion of mutation]
  1942 | D:3      | Gained mutation: You are robust. (+10% HP) [potion of
                  | mutation]
  1942 | D:3      | Gained mutation: You are clumsy. (Dex -2) [potion of
                  | mutation]
  1942 | D:3      | Gained mutation: Your system is resistant to poisons.
                  | (rPois) [potion of mutation]
  2011 | D:3      | Reached XP level 4. HP: 37/44 MP: 6/6
  2133 | D:3      | Reached ** piety under Lugonu
  2918 | D:3      | Found a shimmering blue altar of Sif Muna.
  3282 | D:3      | Reached XP level 5. HP: 47/51 MP: 7/7
  3555 | D:4      | Found a bloodstained altar of Trog.
  3573 | D:4      | Found a hazy altar of Hepliaklqana.
  3621 | D:4      | Found an opulent altar of Gozag.
  3906 | D:4      | Found a staircase to the Ecumenical Temple.
  4036 | D:5      | Entered Level 5 of the Dungeon
  4038 | D:5      | Noticed a phantom
  4065 | D:5      | Killed a phantom
  4066 | D:5      | Reached skill level 5 in Fighting
  4103 | D:5      | Noticed a water moccasin
  4121 | D:5      | Killed a water moccasin
  4122 | D:5      | Reached XP level 6. HP: 43/61 MP: 8/8
  4229 | D:5      | Noticed a troll
  4551 | D:5      | Noticed Blork the orc
  4561 | D:5      | Killed Blork the orc
  4562 | D:5      | Reached skill level 6 in Fighting
  4788 | D:5      | Noticed an ice beast
  4794 | D:5      | Killed an ice beast
  4795 | D:5      | Your scales start taking on an icy white colour.
  4795 | D:5      | Reached XP level 7. HP: 69/69 MP: 10/10
  4795 | D:5      | Gained mutation: Your flesh is cold resistant. (rC+) [White
                  | Draconian growth]
  5276 | D:5      | Killed a troll
  5517 | D:6      | Reached skill level 7 in Fighting
  5938 | D:5      | Reached XP level 8. HP: 56/80 MP: 11/11
  6174 | D:6      | Reached skill level 5 in Invocations
  6782 | D:6      | Reached skill level 5 in Long Blades
  6783 | D:6      | Reached skill level 8 in Fighting
  7175 | D:6      | Reached *** piety under Lugonu
  7755 | D:5      | Reached skill level 5 in Dodging
  8508 | D:7      | Found a sacrificial altar of Ru.
  8508 | D:7      | Found an ancient bone altar of Kikubaaqudgha.
  8713 | D:6      | Reached XP level 9. HP: 62/81 MP: 13/13
  8976 | D:6      | Reached skill level 9 in Fighting
  9147 | D:7      | Learned a level 3 spell: Frozen Ramparts
  9185 | D:7      | Lost mutation: You are clumsy. (Dex -2) [potion of
                  | mutation]
  9185 | D:7      | Lost mutation: You sometimes lose the ability to read
                  | scrolls when taking damage. [potion of mutation]
  9185 | D:7      | Gained mutation: You have a somewhat thin skeletal
                  | structure. (Dex +2, Stealth+) [potion of mutation]
  9185 | D:7      | Gained mutation: Your skin changes colour to match your
                  | surroundings (Stealth+). [potion of mutation]
  9532 | D:7      | Found a sacrificial altar of Ru.
  9532 | D:7      | Found an ancient bone altar of Kikubaaqudgha.
  9674 | D:8      | Found a bloodstained altar of Trog.
  9675 | D:8      | Noticed a tengu warrior
  9676 | D:8      | Noticed a moth of wrath
  9681 | D:8      | Found a transporter.
  9697 | D:8      | Found a staircase to the Lair.
  9699 | D:8      | Noticed an elephant
  9749 | D:8      | Reached skill level 1 in Ice Magic
  9858 | D:8      | Reached skill level 1 in Spellcasting
 10478 | D:8      | Killed an elephant
 10889 | D:8      | Reached skill level 10 in Fighting
 11154 | D:8      | Noticed PeterLawrence's ghost (novice MiFi)
 11159 | D:8      | Found a transporter.
 12176 | D:9      | Reached XP level 10. HP: 84/98 MP: 15/15
 12532 | D:9      | Reached **** piety under Lugonu
 13440 | D:10     | Entered Level 10 of the Dungeon
 13440 | D:10     | Found Oropsom's Magic Scroll Emporium.
 13446 | D:10     | Bought a scroll of identify for 32 gold pieces
 13446 | D:10     | Bought a scroll of blinking for 120 gold pieces
 13446 | D:10     | Bought a scroll of teleportation for 48 gold pieces
 13446 | D:10     | Bought a scroll of blinking for 120 gold pieces
 13446 | D:10     | Bought a scroll of identify for 32 gold pieces
 13446 | D:10     | Bought a scroll of identify for 32 gold pieces
 13446 | D:10     | Bought a scroll of magic mapping for 56 gold pieces
 13454 | D:10     | Found Iggocrip's Weapon Emporium.
 13792 | D:10     | Found Vecaenn's Book Shop.
 13849 | D:10     | Reached skill level 5 in Ice Magic
 14095 | D:10     | Found Osar's Antique Weapon Shoppe.
 14553 | D:10     | Found Sihoirchi's Assorted Antiques.
 14758 | D:11     | Noticed a purple ugly thing
 14834 | Lair:1   | Entered Level 1 of the Lair of Beasts
 14834 | Lair:1   | Noticed a black mamba
 14836 | Lair:1   | Noticed Nergalle
 14868 | D:8      | Killed a black mamba
 14994 | D:8      | Killed Nergalle
 14995 | D:8      | Reached skill level 1 in Throwing
 14995 | D:8      | Reached XP level 11. HP: 92/111 MP: 7/17
 15104 | D:8      | Reached skill level 11 in Fighting
 15498 | Lair:1   | Noticed Urug
 15517 | Lair:1   | Noticed Harold
 15525 | Lair:1   | Killed Urug
 15531 | Lair:1   | Slain by Harold

Illustrated notes

Levels and vault maps discovered:
D:1:      psy_arrival_spokes, layout_basic, dreamdust_ecumenical_altar_statues,
          serial_curves, eino_curves_01, eino_curves_04, eino_curves_01,
          eino_curves_03
D:2:      layout_rooms
D:3:      minmay_thinvault, layout_basic, lemuel_round_altar
D:4:      layout_loops_ring, grunt_gozag_breadcrumbs,
          mainiacjoe_overflow_catch_the_wave, temple_pool_b
D:5:      layout_cave_pods, uniq_blork_the_orc
D:6:      layout_loops_corners, minmay_misc_feat_columns
D:7:      layout_basic, gammafunk_temple_overflow_pools
D:8:      layout_basic, david_lair_generic, gammafunk_ghost_wrathful_warriors
D:9:      layout_rooms
D:10:     layout_small_grid, serial_shops, shop, nicolae_stop_n_shop_2, shop,
          nicolae_shop_statue_plus, shop
D:11:     layout_small_grid, nicolae_shop_firing_range, uniq_erica
Lair:1:   layout_gridlike, grunt_megastairs_4, uniq_prince_ribbit2, uniq_urug,
          uniq_nergalle, uniq_harold, uniq_maggie

Skill      XL: |  1  2  3  4  5  6  7  8  9 10 11 |
---------------+----------------------------------+-----
Fighting       | 4 5 6 7 8 10 11 | 11.1
Invocations    | 3 4 6 7 8 |  8.6
Long Blades    | 3 4 5 6 7 |  7.9
Dodging        | 3 4 5 6 7 |  7.3
Ice Magic      | 3 6 |  6.4
Spellcasting   | 2 |  2.0
Throwing       | 1 |  1.9

Action                   |  1- 3 |  4- 6 |  7- 9 | 10-12 || total
-------------------------+-------+-------+-------+-------++-------
Melee: Falchion          |   122 |   194 |   340 |       ||   656
       Tailslap          |    12 |    18 |    45 |    33 ||   108
       Scimitar          |       |       |     8 |   176 ||   184
Throw: Javelin           |       |    15 |    80 |    38 ||   133
       Dart              |       |       |     6 |     6 ||    12
 Cast: Frozen Ramparts   |       |       |     1 |    14 ||    15
Invok: Depart the Abyss  |     1 |       |       |       ||     1
       Bend Space        |       |       |     3 |     3 ||     6
       Banish            |       |       |     1 |       ||     1
 Abil: Breathe Frost     |       |       |     5 |     4 ||     9
Evoke: Wand              |       |     5 |    18 |     5 ||    28
  Use: Scroll            |     3 |     4 |     2 |     4 ||    13
       Potion            |     1 |     2 |     1 |     1 ||     5
 Stab: Sleeping          |     1 |       |     2 |       ||     3
Armor: Skin              |    33 |    97 |   106 |    69 ||   305
Dodge: Dodged            |    94 |   122 |   274 |   267 ||   757
       Rpst.: Falchion   |    20 |    40 |    66 |       ||   126
       Scimitar          |       |       |     2 |    81 ||    83

Table legend: (Time is in decaauts)
 A = Elapsed time spent in this place.
 B = Non-inter-level travel time spent in this place.
 C = Inter-level travel time spent in this place.
 D = Time resting spent in this place.
 E = Time spent auto-exploring this place.
 F = Levels seen in this place.
 G = Mean time per level.
                   A        B        C        D        E       F      G
               +--------+--------+--------+--------+--------+-----+--------+
         Total |  15698 |  15283 |    415 |   3784 |   8202 |  13 | 1207.5 |
       Dungeon |  15538 |  15123 |    415 |   3784 |   8176 |  11 | 1412.5 |
          Lair |     63 |     63 |      0 |      0 |      3 |   1 |   63.0 |
         Abyss |     96 |     96 |      0 |      0 |     23 |   1 |   96.0 |
               +--------+--------+--------+--------+--------+-----+--------+

Top non-repeatable levels by time:
     D:8: 3208 daAuts
     D:5: 2377 daAuts
     D:6: 2267 daAuts
    D:10: 1348 daAuts
     D:3: 1210 daAuts
     D:2: 1149 daAuts
     D:9: 1085 daAuts
     D:7: 1079 daAuts
     D:1: 974 daAuts
     D:4: 830 daAuts
 Abyss:1: 96 daAuts
  Lair:1: 63 daAuts
    D:11: 6 daAuts
